 Dungeon Crawl Stone Soup version 0.27-a0-811-ga052575696 (webtiles) character file.

Game seed: 3869646343419903326

31 Bapho the Chopper (level 3, -6/29 HPs)
             Began as a Human Monk on Mar 29, 2021.
             Mangled by a water moccasin zombie (7 damage)
             ... on level 2 of the Dungeon.
             The game lasted 00:02:03 (1112 turns).

Bapho the Chopper (Human Monk)                      Turns: 1112, Time: 00:02:04

Health: -6/29      AC:  2    Str: 12    XL:     3   Next: 40%
Magic:  3/3        EV: 13    Int: 10    God:
Gold:   0          SH:  0    Dex: 15    Spells: 2/2 levels left

rFire    . . .     SeeInvis .   a - +0 hand axe
rCold    . . .     Faith    .   (no shield)
rNeg     . . .     Spirit   .   b - +0 robe
rPois    .         Reflect  .   (no helmet)
rElec    .         Harm     .   (no cloak)
rCorr    .         Rampage  .   (no gloves)
Will     .....                  (no boots)
Stlth    ++........             (no amulet)
HPRegen  0.09/turn              (no ring)
MPRegen  0.08/turn              (no ring)

@: no status effects
A: no striking features
a: no special abilities


You were on level 2 of the Dungeon.
You visited 1 branch of the dungeon, and saw 2 of its levels.

Inventory:

Hand Weapons
 a - a +0 hand axe (weapon)
Missiles
 f - 50 stones (quivered)
Armour
 b - a +0 robe (worn)
Jewellery
 c - a ring of flight
Scrolls
 d - a scroll of fog {unknown}
 e - 4 scrolls of identify {unknown}


   Skills:
 - Level 3.0 Fighting
 + Level 4.2 Axes
 - Level 3.0 Dodging
 - Level 2.0 Stealth


You had 2 spell levels left.
You didn't know any spells.
Your spell library was empty.

Dungeon Overview and Level Annotations

Branches:
Dungeon (2/15)

Altars:

Shops:
D:1 [[*


Message History

The hobgoblin closely misses you.
You hit the jackal.
You kill the jackal!
You hit the hobgoblin. You hit the quokka. The quokka bites you.
The hobgoblin barely misses you.
You hit the hobgoblin.
The hobgoblin is severely wounded.
You miss the frilled lizard. You hit the quokka but do no damage.
The quokka bites you. The hobgoblin barely misses you.
The frilled lizard barely misses you.
You are too injured to fight recklessly!
You are too injured to fight recklessly!
You are too injured to fight recklessly!
You closely miss the hobgoblin.
The hobgoblin is severely wounded.
You closely miss the frilled lizard. You hit the quokka but do no damage.
The quokka bites you. The hobgoblin hits you.
* * * LOW HITPOINT WARNING * * *
The frilled lizard barely misses you. The quokka closely misses you.
You hit the hobgoblin.
You kill the hobgoblin!
You hit the quokka but do no damage. You miss the frilled lizard.
The frilled lizard bites you.
* * * LOW HITPOINT WARNING * * *
The quokka bites you.
* * * LOW HITPOINT WARNING * * *
The quokka barely misses you.
Found a stone staircase leading up.
A water moccasin zombie comes into view.
A giant cockroach comes into view.
The quokka bites you.
* * * LOW HITPOINT WARNING * * *
Found a scroll labelled AWENOO HOVILYLOD.
Found a whip.
A bat comes into view.
The quokka bites you but does no damage.
Unknown command.
Found a scroll labelled TOBOAGRO UBROV.
The water moccasin zombie bites you!
You die...

#..(†<# ##
.#.....##..#
.........##.#######
.##...#..#.........
#................
.##..##.#.......?..
...................
#...........Z......
###.##..<##@#.#.# #
#...##r....#
#....B#.#..#
#...#....#..#
#..###.......# ##..
#....... .#)
...b... .. .
.....?. ... #......


You could see a water moccasin zombie, a quokka, a giant cockroach and a bat
(asleep).

Vanquished Creatures
  A dart slug (D:1)
  A ball python (D:1)
  4 bats (D:1)
  An endoplasm (D:1)
  2 goblins
  6 hobgoblins
  3 jackals
  A quokka (D:1)
  A frilled lizard (D:1)
  2 kobolds (D:1)
  4 rats
26 creatures vanquished.

Notes
Turn   | Place    | Note
-------+----------+-------------------------------------------
     0 | D:1      | Bapho the Human Monk began the quest for the Orb.
     0 | D:1      | Reached XP level 1. HP: 18/18 MP: 1/1
   149 | D:1      | Reached XP level 2. HP: 24/24 MP: 2/2
   157 | D:1      | Found Imegin's Armour Shoppe.
   234 | D:1      | Found Jyab's Antique Armour Shoppe.
   653 | D:1      | Reached skill level 4 in Axes
   653 | D:1      | Reached XP level 3. HP: 29/29 MP: 3/3
   833 | D:1      | Found Muamearr's General Store.
  1099 | D:2      | HP: 1/29 [quokka (4)]
  1112 | D:2      | Mangled by a water moccasin zombie

Illustrated notes

Levels and vault maps discovered:
D:1:      psy_arrival_dodecagon, layout_basic, serial_shops, shop,
          nicolae_shop_behind_doors, shop
D:2:      layout_rooms, grunt_gozag_statues, nicolae_overflow_hidden_temple,
          minivault_26

Skill      XL: |  1  2 |
---------------+-------+-----
Axes           | 4 |  4.2
Fighting       | |  3.0
Dodging        | |  3.0
Stealth        | |  2.0

Action                   || total
-------------------------++-------
Melee: Hand axe          ||    68
Throw: Stone             ||    40
Armor: Robe              ||    18
Dodge: Dodged            ||    49

Table legend: (Time is in decaauts)
 A = Elapsed time spent in this place.
 B = Non-inter-level travel time spent in this place.
 C = Inter-level travel time spent in this place.
 D = Time resting spent in this place.
 E = Time spent auto-exploring this place.
 F = Levels seen in this place.
 G = Mean time per level.
                   A        B        C        D        E       F      G
               +--------+--------+--------+--------+--------+-----+--------+
         Total |   1125 |   1091 |     34 |    191 |    706 |   2 |  562.5 |
       Dungeon |   1125 |   1091 |     34 |    191 |    706 |   2 |  562.5 |
               +--------+--------+--------+--------+--------+-----+--------+

Top non-repeatable levels by time:
     D:1: 1101 daAuts
     D:2: 24 daAuts
